 Dungeon Sprint DCSS version 0.25-a0-502-g6516661 (webtiles) character file.

Game seed: 8337793311778679398, levelgen mode: deterministic

4064 Faca the Warrior (level 10, -12/107 HPs)
             Began as a Minotaur Fighter on Feb 12, 2020.
             Was a High Priest of Uskayaw.
             Killed from afar by a rime drake (25 damage)
             ... with a flash freeze
             ... in the Dungeon (Sprint IX: "|||||||||||||||||||||||||||||").
             The game lasted 00:01:49 (610 turns).

Faca the Warrior (Minotaur Fighter)                  Turns: 610, Time: 00:01:50

Health: -12/107    AC: 16    Str: 27    XL:     10   Next: 5%
Magic:  12/14      EV:  6    Int:  5    God:    Uskayaw [*****.]
Gold:   9          SH: 12    Dex: 13    Spells: 9/9 levels left

rFire    . . .     SeeInvis .   p - +2 scimitar (flame)
rCold    . . .     Gourm    .   c - +0 kite shield
rNeg     . . .     Faith    .   n - +0 plate armour
rPois    .         Spirit   .   (helmet restricted)
rElec    .         Reflect  .   a - +0 cloak
rCorr    .         Harm     .   (no gloves)
MR       .....     NoTele   +   (no boots)
Stlth    ..........             (no amulet)
HPRegen  0.27/turn              q - +3 ring of strength
MPRegen  0.14/turn              r - +3 ring of dexterity

@: no status effects
A: retaliatory headbutt, horns 2
a: Stomp, Line Pass, Grand Finale, Renounce Religion


You were in the Dungeon.
You worshipped Uskayaw.
Uskayaw was noncommittal.
You were not hungry.

You visited 1 branch You collected 9 gold pieces.

Inventory:

Hand Weapons
 p - a +2 scimitar of flaming (weapon)
Armour
 a - a +0 cloak (worn)
 c - a +0 kite shield (worn)
 n - a +0 plate armour (worn)
Jewellery
 q - a +3 ring of strength (left hand)
 r - a +3 ring of dexterity (right hand)
Wands
 o - a wand of acid (10)
Scrolls
 k - 4 scrolls of blinking
 m - 3 scrolls of remove curse
 t - a scroll of identify
 u - 2 scrolls of fog
 v - 2 scrolls of enchant armour
Potions
 d - a potion of might
 e - 7 potions of curing
 g - 5 potions of heal wounds
 h - a potion of haste
 i - 4 potions of magic
 j - 3 potions of berserk rage
 l - a potion of invisibility
 s - 2 potions of mutation
Comestibles
 b - 7 chunks of flesh
 f - a ration


   Skills:
 + Level 15.9 Fighting
 + Level 15.7 Long Blades
 + Level 10.0 Armour
 + Level 10.0 Shields
 + Level 7.7 Invocations


You had 9 spell levels left.
You didn't know any spells.
Your spell library was empty.

Dungeon Overview and Level Annotations

Branches:
Dungeon (1/1)

Altars:
Cheibriados
Dithmenos
Elyvilon
Fedhas
Gozag
Hepliaklqana
Kikubaaqudgha
Makhleb
Nemelex Xobeh
Okawaru
Qazlal
Ru
Sif Muna
Trog
Uskayaw
Vehumet
Wu Jian
Xom
Yredelemnul
Zin
The Shining One
Beogh
Jiyva
Lugonu


Innate Abilities, Weirdness & Mutations

You reflexively headbutt those who attack you in melee.
You have a pair of horns on your head.


Message History

The two-headed hydra is almost dead.
The two-headed hydra bites you but does no damage.
You block the two-headed hydra's attack.
You lop one of the two-headed hydra's heads off!
The flame cauterises the wound!
You hit the one-headed hydra. You burn the one-headed hydra.
You headbutt the one-headed hydra, but do no damage.
The one-headed hydra is almost dead.
You chop the one-headed hydra's last head off!
You kill the one-headed hydra!
A water moccasin comes into view.
The water moccasin hisses angrily.
You slash the blink frog! You burn the blink frog.
You kill the blink frog!
Your Armour skill increases to level 10!
Your Shields skill increases to level 10!
You have reached level 10!
The rime drake breathes ice at you. The flash freeze hits you!!
You die...

▓†▓.▓_▓
▓÷▓.▓_▓
▓.▓.▓_▓
▓.▓.▓_▓
▓.▓.▓_▓
▓.▓.▓_▓
▓.▓.▓_▓
▓.▓.▓_▓
▓@▓.▓_▓
▓†▓.▓_▓
▓†▓.▓_▓
▓k▓.▓_▓
▓F▓.▓_▓
▓.▓.▓_▓
▓S▓.▓_▓
▓.▓.▓_▓
▓.▓.▓_▓


You could see a spiny frog, a rime drake and a water moccasin.

Vanquished Creatures
  A hydra (D)
  An elephant (D)
  2 black mambas (D)
  A gargoyle (D)
  2 spiny frogs (D)
  A komodo dragon (D)
  A blink frog (D)
  A hippogriff (D)
  A yak (D)
  A water moccasin (D)
  A porcupine (D)
  An ogre (D)
  A centaur (D)
  A big kobold (D)
  3 bullfrogs (D)
  4 hounds (D)
  2 worker ants (D)
  A shadow imp (D)
  A dart slug (D)
  4 orcs (D)
  A jackal (D)
  A jackal skeleton (D)
  A kobold (D)
  A quokka zombie (D)
  2 rats (D)
37 creatures vanquished.

Notes
Turn   | Place    | Note
-------+----------+-------------------------------------------
     0 | D        | Faca the Minotaur Fighter began the quest for the Orb.
     0 | D        | Reached XP level 1. HP: 19/19 MP: 0/0
    18 | D        | Noticed a hound
    20 | D        | Reached skill level 5 in Fighting
    20 | D        | Reached XP level 2. HP: 28/29 MP: 1/1
    31 | D        | Reached XP level 3. HP: 33/38 MP: 2/2
    84 | D        | Found a roughly hewn altar of Beogh.
    84 | D        | Found a snail-covered altar of Cheibriados.
    84 | D        | Found a shadowy altar of Dithmenos.
    84 | D        | Found a white marble altar of Elyvilon.
    84 | D        | Found a blossoming altar of Fedhas.
    84 | D        | Found an opulent altar of Gozag.
    85 | D        | Found a hazy altar of Hepliaklqana.
    86 | D        | Found a viscous altar of Jiyva.
    87 | D        | Found an ancient bone altar of Kikubaaqudgha.
    88 | D        | Found a corrupted altar of Lugonu.
    89 | D        | Found a burning altar of Makhleb.
    90 | D        | Found a sparkling altar of Nemelex Xobeh.
    91 | D        | Found an iron altar of Okawaru.
    92 | D        | Found a stormy altar of Qazlal.
    93 | D        | Found a sacrificial altar of Ru.
    94 | D        | Found a shimmering blue altar of Sif Muna.
    95 | D        | Found a bloodstained altar of Trog.
    96 | D        | Found a hide-covered altar of Uskayaw.
    97 | D        | Found a radiant altar of Vehumet.
    98 | D        | Found an ornate altar of the Wu Jian Council.
    99 | D        | Found a shimmering altar of Xom.
   100 | D        | Found a basalt altar of Yredelemnul.
   101 | D        | Found a glowing silver altar of Zin.
   102 | D        | Found a glowing golden altar of the Shining One.
   104 | D        | Became a worshipper of Uskayaw the Reveler
   153 | D        | Noticed an ogre
   153 | D        | Noticed a gargoyle
   154 | D        | Reached * piety under Uskayaw
   155 | D        | Killed an ogre
   155 | D        | Reached XP level 4. HP: 49/49 MP: 3/3
   155 | D        | Reached ** piety under Uskayaw
   156 | D        | Reached XP level 5. HP: 57/57 MP: 4/4
   158 | D        | Reached *** piety under Uskayaw
   159 | D        | Reached **** piety under Uskayaw
   164 | D        | Reached ***** piety under Uskayaw
   167 | D        | Killed a gargoyle
   167 | D        | Reached XP level 6. HP: 30/71 MP: 5/5
   372 | D        | Reached XP level 7. HP: 69/79 MP: 6/6
   524 | D        | Noticed a hippogriff
   524 | D        | Noticed a black mamba
   524 | D        | Noticed a spiny frog
   524 | D        | Noticed a komodo dragon
   524 | D        | Noticed a yak
   527 | D        | Killed a hippogriff
   527 | D        | Reached skill level 1 in Invocations
   527 | D        | Noticed a spiny frog
   530 | D        | Killed a black mamba
   530 | D        | Reached skill level 5 in Armour
   530 | D        | Reached skill level 5 in Shields
   530 | D        | Reached XP level 8. HP: 82/89 MP: 6/9
   533 | D        | Killed a spiny frog
   535 | D        | Killed a komodo dragon
   537 | D        | Reached skill level 5 in Invocations
   539 | D        | Reached ****** piety under Uskayaw
   541 | D        | Killed a spiny frog
   541 | D        | Reached XP level 9. HP: 54/96 MP: 7/12
   543 | D        | Reached skill level 15 in Fighting
   588 | D        | Noticed an elephant
   588 | D        | Noticed a black mamba
   588 | D        | Noticed a rime drake
   589 | D        | Noticed a six-headed hydra
   595 | D        | Reached skill level 15 in Long Blades
   598 | D        | Noticed a spiny frog
   602 | D        | Killed a black mamba
   602 | D        | Killed an elephant
   609 | D        | Killed a one-headed hydra
   610 | D        | Reached skill level 10 in Armour
   610 | D        | Reached skill level 10 in Shields
   610 | D        | Reached XP level 10. HP: 13/107 MP: 12/14
   610 | D        | Killed from afar by a rime drake

Levels and vault maps discovered:
D:        linesprint [early_d, line_temple, items_1, d_10, items_2, lair_1,
          lair_end, items_3, orc_1, orc_end, items_4, d_15, swamp_1, shoals_1,
          snake_1, spider_1, d_20, vaults_1, items_5, swamp_end, shoals_end,
          snake_end, spider_end, vaults_end, d_27, items_6, zot_1, zot_end,
          crypt_end, forest_end, elf_end, slime_end, tomb_end, abyss_end,
          pan_hell_end]

Skill      XL: |  1  2  3  4  5  6  7  8  9 |
---------------+----------------------------+-----
Fighting       | 5 6 8 9 12 13 14 15 | 15.9
Long Blades    | 4 6 8 9 12 14 15 | 15.7
Armour         | 5 7 10 | 10.0
Shields        | 5 7 10 | 10.0
Invocations    | 3 5 7 |  7.7

Action                   |  1- 3 |  4- 6 |  7- 9 | 10-12 || total
-------------------------+-------+-------+-------+-------++-------
Melee: Long sword        |    23 |       |       |       ||    23
       Headbutt          |     6 |     3 |    17 |       ||    26
       Scimitar          |     2 |    17 |    56 |       ||    75
 Stab: Paralysed         |       |     1 |     3 |       ||     4
Armor: Scale mail        |     5 |       |       |       ||     5
       Plate armour      |       |     5 |    19 |       ||    24
Dodge: Dodged            |    10 |     1 |     4 |       ||    15
Block: Kite shield       |    11 |     5 |    23 |       ||    39
       Rpst.: Long sword |     3 |       |       |       ||     3
       Scimitar          |       |       |     1 |       ||     1

Table legend:
 A = Non-vault XP
 B = Vault XP
 C = Vault XP percentage of total XP
 D = Non-vault monster count
 E = Vault monster count
 F = Vault count percentage of total count
                 A         B        C        D         E       F
            +---------+---------+-------+---------+---------+-------
      Total |       0 |    5806 | 100.0 |       0 |      37 | 100.0
            +---------+---------+-------+---------+---------+-------
          D |       0 |    5806 | 100.0 |       0 |      37 | 100.0
            +---------+---------+-------+---------+---------+-------
